 Dungeon Crawl Stone Soup version 0.27-a0-1202-ge72e49191c (webtiles) character file.

Game seed: 4013672186343099945

91363 hatdisgam the Severer (level 16, -2/123 HPs)
             Began as a Formicid Fighter on June 4, 2021.
             Was the Champion of Jiyva.
             Slain by a phantasmal warrior (26 damage)
             ... led by a death knight
             ... on level 15 of the Dungeon.
             The game lasted 00:51:59 (33508 turns).

hatdisgam the Severer (Formicid Fighter)           Turns: 33508, Time: 00:52:00

Health: -2/123     AC: 19    Str: 21    XL:     16   Next: 8%
Magic:  16/16      EV: 15    Int: 13    God:    Jiyva [******]
Gold:   368        SH: 14    Dex: 18    Spells: 11/15 levels left

rFire    . . .     SeeInvis +   N - +1 battleaxe (elec)
rCold    . . .     Faith    .   O - +2 kite shield {AC+3}
rNeg     + . .     Spirit   .   z - +1 pearl dragon scales
rPois    +         Reflect  .   (helmet unavailable)
rElec    +         Harm     .   u - +1 cloak {rCorr}
rCorr    +         Rampage  .   (no gloves)
Will     .....                  (no boots)
Stlth    ..........             R - amulet "Ellaimiuru" {Acrobat *Slow rElec rPois}
HPRegen  0.30/turn              i - +4 ring of protection
MPRegen  0.15/turn              m - +6 ring of strength

@: weak-willed
A: permanent stasis, dig shafts and tunnels, antennae 3, four strong arms, sense
surroundings 1, poison resistance, acidic bite, eyeballs 1, pseudopods 1,
tendrils
}: 1/15 runes: slimy
a: Dig, Shaft Self, Renounce Religion, Request Jelly, Slimify, Cure Bad Mutation


You were on level 15 of the Dungeon.
You worshipped Jiyva.
Jiyva was exalted by your worship.
You visited 5 branches of the dungeon, and saw 29 of its levels.
You also visited: Sewer.

You collected 739 gold pieces.
You spent 371 gold pieces at shops.

Inventory:

Hand Weapons
 a - a +4 war axe
 b - a +3 scimitar of flaming
 l - a +2 mace of protection
 n - a +0 war axe
 t - a +2 whip of electrocution
 F - a +0 quarterstaff of freezing
 N - a +1 battleaxe of electrocution (weapon)
 Q - the +6 broad axe of the Land of Plenty {freeze, rN+ Str+4}
   (You found it on level 5 of the Pits of Slime)

   It has been specially enchanted to freeze those struck by it, causing extra
   injury to most foes and up to half again as much damage against particularly
   susceptible opponents.
   It can also slow down cold-blooded creatures.
   It affects your strength (+4).
   It protects you from negative energy.
Missiles
 C - 5 throwing nets
Armour
 c - a +0 kite shield
 o - a +0 scale mail
 r - a +0 chain mail
 u - a +1 cloak of preservation (worn)
 z - +1 pearl dragon scales (worn)
 B - the +0 ring mail of Ciniocag {rPois}
   (You found it on level 6 of the Dungeon)

   It protects you from poison.
 J - a +2 tower shield
 O - a +2 kite shield of protection (worn)
Jewellery
 f - a ring of ice
 i - a +4 ring of protection (left hand)
 m - a +6 ring of strength (right hand)
 D - a ring of wizardry
 L - a ring of protection from fire
 M - a ring of resist corrosion
 R - the amulet "Ellaimiuru" (around neck) {Acrobat *Slow rElec rPois}
   (You found it on level 5 of the Pits of Slime)

   [amulet of the acrobat]

   It increases your evasion while moving and waiting.
   It insulates you from electricity.
   It protects you from poison.
   It may slow you when you take damage.
Wands
 p - a wand of flame (7)
 A - a wand of polymorph (11)
 E - a wand of acid (8)
 I - a wand of iceblast (3)
Scrolls
 d - 7 scrolls of teleportation
 e - 2 scrolls of immolation
 g - 2 scrolls of vulnerability
 v - a scroll of amnesia
 x - 2 scrolls of blinking
 y - 2 scrolls of fog
 K - a scroll of silence
Potions
 h - 2 potions of cancellation {unknown}
 j - 3 potions of invisibility {unknown}
 k - 2 potions of degeneration {unknown}
 q - 3 potions of attraction {unknown}
 s - a potion of magic {unknown}
 w - a potion of ambrosia {unknown}
 G - 2 potions of lignification {unknown}
Miscellaneous
 H - a lightning rod (4/4)


   Skills:
 - Level 10.3 Fighting
 * Level 17.3 Axes
 - Level 9.3 Armour
 + Level 10.1 Dodging
 - Level 9.0 Shields
 - Level 11.0 Summonings


You had 11 spell levels left.
You knew the following spells:

 Your Spells              Type           Power      Damage    Failure   Level
a - Summon Lightning Spi  Summ/Air       14%        N/A       65%         4

Your spell library contained the following spells:

 Spells                   Type           Power      Damage    Failure   Level
 Summon Small Mammal      Summ           100%       N/A       1%          1
 Call Imp                 Summ           28%        N/A       1%          2
 Call Canine Familiar     Summ           28%        N/A       2%          3
 Summon Guardian Golem    Hex/Summ       14%        N/A       26%         3
 Animate Skeleton         Necr           0%         N/A       65%         1
 Foxfire                  Conj/Fire      0%         2x1d4     65%         1
 Pain                     Necr           0%         1d4       65%         1
 Summon Ice Beast         Ice/Summ       14%        N/A       65%         4
 Static Discharge         Conj/Air       0%         N/A       78%         2
 Summon Forest            Summ/Tloc      7%         N/A       94%         5
 Conjure Flame            Conj/Fire      0%         6-21      95%         3
 Inner Flame              Hex/Fire       0%         N/A       95%         3
 Tukima's Dance           Hex            0%         N/A       95%         3
 Vampiric Draining        Necr           0%         2d6       95%         3
 Animate Dead             Necr           0%         N/A       100%        4
 Fulminant Prism          Conj/Hex       0%         3d6       100%        4
 Leda's Liquefaction      Hex/Erth       0%         N/A       100%        4
 Passage of Golubria      Tloc           N/A        N/A       100%        4
 Sticky Flame             Conj/Fire      0%         2d3       100%        4
 Agony                    Necr           0%         N/A       100%        5
 Fireball                 Conj/Fire      0%         3d3       100%        5
 Lightning Bolt           Conj/Air       0%         1d11      100%        5
 Ignition                 Fire           0%         3d3       100%        8
 Shatter                  Erth           0%         3d5*      100%        9
 Tornado                  Air            0%         N/A       100%        9


Dungeon Overview and Level Annotations

Branches:
Dungeon (15/15)            Temple (1/1) D:5            Lair (6/6) D:11
  Swamp (0/4) Lair:4       Spider (0/4) Lair:2        Slime (5/5) Lair:5
    Orc (2/2) D:10            Elf (0/3) Orc:2        Vaults (0/5) D:13
  Sewer (visited)
 Depths: D:15

Altars:
Ashenzari
Cheibriados
Dithmenos
Elyvilon
Fedhas
Hepliaklqana
Kikubaaqudgha
Makhleb
Nemelex Xobeh
Okawaru
Qazlal
Ru
Sif Muna
Trog
Uskayaw
Vehumet
Wu Jian
Xom
Yredelemnul
Zin
The Shining One
Jiyva

Shops:
D:1 !   Orc:2 (=[*

Annotations:
Lair:4 2 transporters, cobaltphoenix's ghost, journeyman DrCj
Slime:5 Royal Jelly


Innate Abilities, Weirdness & Mutations

You cannot be hasted, slowed, berserked, paralysed or teleported.
You can dig through walls and to a lower floor.
You have a pair of large antennae on your head. (SInv)
Your four strong arms can wield two-handed weapons with a shield.
You passively map a small area around you.
Your system is resistant to poisons. (rPois)
You have acidic saliva.
Your body has grown golden eyes which may confuse attackers. (Acc +3)
Armour fits poorly on your pseudopods.
You are covered in slimy tendrils that may disarm your opponents.


Message History

You bludgeon the freezing wraith, but do no damage.
The freezing wraith is almost destroyed.
You closely miss the death knight.
You hit the freezing wraith but do no damage.
Lightning courses through the freezing wraith!
You hit the phantasmal warrior but do no damage.
The freezing wraith closely misses you.
The freezing wraith hits you but does no damage.
You block the phantasmal warrior's attack.
The freezing wraith hits you but does no damage.
The freezing wraith misses you. You block the death knight's attack.
You slash the freezing wraith!
You destroy the freezing wraith!
You closely miss the death knight.
You hit the freezing wraith but do no damage.
You slash the phantasmal warrior! The phantasmal warrior hits you!!
Your willpower is stripped away!
Unknown command.
You are too injured to fight recklessly!
Unknown command.
You slice the death knight!!
Lightning courses through the death knight!
You kill the death knight!
You slash the phantasmal warrior!
You hit the freezing wraith but do no damage.
Lightning courses through the freezing wraith!!
Your damage is reflected back at you!
* * * LOW HITPOINT WARNING * * *
The phantasmal warrior closely misses you.
You closely miss the freezing wraith.
You bite the freezing wraith, but do no damage.
Your bludgeon misses the freezing wraith.
The freezing wraith is severely damaged.
You slash the wraith! You barely miss the phantasmal warrior.
You block the freezing wraith's attack. The freezing wraith hits you!
* * * LOW HITPOINT WARNING * * *
The freezing wraith drains your vigour!
Your stasis prevents you from being slowed.
The wraith misses you. The phantasmal warrior hits you!!
You die...

........##.............
,, ,,
................#......
, ,
................#......
, .....................#
.......#..##.#.......##
.......##..###.........
...........#....##.. ,
.................#...
......W@............. ,
* .......WW))..........
, ,
,.........))).........,
..#......##)........# ,
............./......# ,
......=.............#
,,...............##...#*
* ...............# ...#*
.............# .#*


You could see a phantasmal warrior, a freezing wraith and a wraith.

Vanquished Creatures
  Jorgrun (D:13)
  An orc warlord (Orc:2)
  7 hydras
  Harold (D:8)
  Fannar (Lair:2)
  2 catoblepae
  2 boulder beetles
  Erica (Lair:1)
  A centaur warrior (D:13)
  A death knight (D:15)
  10 death yaks
  6 two-headed ogres
  A deep troll shaman (Lair:6)
  3 orc high priests (Orc:2)
  2 tengu warriors
  Pikel (D:6)
  2 deep elf pyromancers
  6 orc knights
  A lindwurm (Lair:6)
  5 orc sorcerers (Orc:2)
  4 elephants (Lair:6)
  An oklob plant (Lair:5)
  4 ugly things (D:14)
  2 cyclopes
  4 black mambas
  3 manticores
  Maurice (D:8)
  A molten gargoyle (D:13)
  A gargoyle (D:13)
  7 cane toads
  2 unseen horrors (D:12)
  A freezing wraith (D:15)
  A rime drake (shapeshifter) (D:15)
  2 rime drakes
  17 komodo dragons
  A tengu conjurer (D:13)
  3 jumping spiders (Lair:2)
  7 trolls
  4 polar bears
  Grinder (D:6)
  15 blink frogs
  4 dream sheep (Lair:4)
  4 redbacks (Lair:2)
  2 wyverns
  41 yaks
  4 basilisks
  4 vampire mosquitoes (D:13)
  2 steam dragons
  6 wargs (Orc:1)
  A swamp drake (Lair:4)
  14 water moccasins
  3 black bears
  36 orc warriors
  2 sky beasts
  3 necrophages
  10 centaurs
  8 ogres
  18 wolves
  18 bullfrogs
  A gnoll sergeant (D:9)
  6 scorpions
  A water moccasin zombie (D:5)
  A water moccasin skeleton (D:5)
  5 killer bees (D:9)
  4 wights (D:8)
  A crimson imp (D:3)
  4 lava snakes (D:13)
  4 centaur zombies
  A hound (D:4)
  29 orc priests
  Crazy Yiuf (D:4)
  A centaur skeleton (D:6)
  Natasha (thrice) (D:2)
  A scorpion zombie (D:5)
  5 iguanas
  A merfolk siren (Sewer)
  28 orc wizards
  A howler monkey zombie (D:9)
  Robin (D:2)
  4 gnolls (D:7)
  5 adders
  5 river rats
  12 white imps
  An ufetubus (D:6)
  An adder skeleton (D:4)
  2 worms
  3 dart slugs
  76 orcs
  6 bats
  10 endoplasms
  5 giant cockroaches
  10 goblins
  8 hobgoblins
  5 jackals (D:1)
  6 kobolds
  7 quokkas
  14 ball pythons
  6 frilled lizards
  31 rats
633 creatures vanquished.

Vanquished Creatures (collateral kills)
  A boulder beetle (D:15)
  An ogre mage (D:15)
  2 two-headed ogres (D:15)
4 creatures vanquished.

Vanquished Creatures (others)
  A centaur warrior (D:13)
  A deep elf pyromancer (D:12)
  A torpor snail (Lair:3)
  A rime drake (Lair:4)
  A tengu conjurer (D:14)
  2 slime creatures
  2 yaks (D:11)
  A vampire mosquito (D:13)
  A warg (Orc:1)
  A water moccasin (Lair:3)
  An ice beast (D:7)
  3 orc warriors
  2 ogres
  4 centaurs (D:13)
  6 bullfrogs
  A kobold brigand (D:9)
  A scorpion (D:7)
  186 jellies
  6 killer bees (D:9)
  A howler monkey (D:6)
  A lava snake (D:13)
  2 centaur zombies (D:10)
  7 orc priests
  9 orc wizards
  A merfolk avatar (Sewer)
  2 killer bee zombies
  An adder (Sewer)
  4 gnolls (D:9)
  3 white imps
  30 orcs
  2 ball pythons
  7 kobolds (D:9)
  2 frilled lizards (Sewer)
  3 rats (Sewer)
  192 fungi
  183 plants
672 creatures vanquished.

Grand Total: 1309 creatures vanquished

Notes
Turn   | Place    | Note
-------+----------+-------------------------------------------
     0 | D:1      | hatdisgam the Formicid Fighter began the quest for the Orb.
     0 | D:1      | Reached XP level 1. HP: 18/18 MP: 1/1
   154 | D:1      | Found Zeasuy's Distillery.
   180 | D:1      | Reached XP level 2. HP: 24/24 MP: 2/2
   417 | D:1      | Reached XP level 3. HP: 18/29 MP: 3/3
   823 | D:1      | Found a faded altar of an unknown god.
   871 | D:1      | Reached skill level 3 in Axes
   987 | D:1      | Reached skill level 1 in Dodging
  1787 | D:1      | Reached XP level 4. HP: 11/35 MP: 4/4
  1791 | D:1      | Reached XP level 5. HP: 4/41 MP: 5/5
  2205 | D:2      | Reached skill level 4 in Axes
  2582 | D:2      | Noticed Natasha
  2588 | D:2      | Killed Natasha
  2629 | D:2      | Noticed Robin
  2632 | D:2      | Killed Robin
  2633 | D:2      | Reached XP level 6. HP: 42/47 MP: 6/6
  2748 | D:2      | Noticed Natasha
  2757 | D:2      | Killed Natasha
  2786 | D:2      | Noticed Natasha
  2806 | D:2      | Killed Natasha
  2807 | D:2      | Reached skill level 5 in Shields
  3209 | D:3      | Found a shadowy altar of Dithmenos.
  3223 | D:3      | Found a hide-covered altar of Uskayaw.
  3298 | D:3      | Found an iron altar of Okawaru.
  3343 | D:3      | Found a shimmering altar of Xom.
  3343 | D:3      | Found a burning altar of Makhleb.
  3355 | D:3      | Reached skill level 5 in Axes
  3499 | D:3      | Noticed a necrophage
  3511 | D:3      | Killed a necrophage
  3512 | D:3      | Reached XP level 7. HP: 52/52 MP: 7/7
  3557 | D:3      | Found a sparkling altar of Nemelex Xobeh.
  4347 | D:4      | Found a stormy altar of Qazlal.
  4556 | D:4      | Found a runed translucent door.
  4557 | D:4      | Noticed Crazy Yiuf
  4639 | D:4      | Reached skill level 6 in Axes
  4877 | D:4      | Killed Crazy Yiuf
  4946 | D:5      | Entered Level 5 of the Dungeon
  4964 | D:5      | Reached XP level 8. HP: 31/58 MP: 8/8
  5138 | D:5      | Found a staircase to the Ecumenical Temple.
  5158 | Temple   | Entered the Ecumenical Temple
  5287 | Temple   | Became a worshipper of Jiyva Jeutoacu the Shapeless
  5415 | D:5      | Found a glowing silver altar of Zin.
  5416 | D:5      | Found a glowing golden altar of the Shining One.
  5418 | D:5      | Found a white marble altar of Elyvilon.
  5456 | D:5      | Found a sacrificial altar of Ru.
  5602 | D:5      | Reached skill level 7 in Axes
  5750 | D:5      | Reached skill level 5 in Armour
  5971 | D:6      | Reached XP level 9. HP: 64/64 MP: 9/9
  6141 | D:6      | Noticed Grinder
  6153 | D:6      | Killed Grinder
  6154 | D:6      | Reached skill level 8 in Axes
  6464 | D:6      | Found a glowing drain.
  6504 | Sewer    | Entered a sewer
  6598 | Sewer    | Reached * piety under Jiyva
  7047 | D:6      | You fall into a shaft and drop 1 floor!
  7178 | D:7      | Reached skill level 9 in Axes
  7221 | D:7      | Noticed a slime creature
  7233 | D:7      | Reached ** piety under Jiyva
  8210 | D:6      | Noticed Pikel
  8236 | D:6      | Killed Pikel
  8237 | D:6      | Reached XP level 10. HP: 45/70 MP: 10/10
  8520 | D:6      | Identified the +0 ring mail of Ciniocag {rPois}
  8775 | D:8      | Reached skill level 5 in Dodging
  8782 | D:8      | Reached skill level 10 in Axes
  8821 | D:8      | Learned a level 4 spell: Summon Lightning Spire
  8905 | D:8      | Noticed Harold
  8918 | D:8      | You fall into a shaft and drop 1 floor!
  8940 | D:9      | You fall into a shaft and drop 1 floor!
  8940 | D:10     | Entered Level 10 of the Dungeon
  8956 | D:10     | Reached *** piety under Jiyva
  9060 | D:9      | You fall into a shaft and drop 1 floor!
  9304 | D:10     | Reached **** piety under Jiyva
  9306 | D:10     | Gained mutation: You have sharp fingernails. [Jiyva's
                  | grace]
  9434 | D:8      | Reached skill level 1 in Summonings
  9589 | D:8      | Noticed Maurice
  9604 | D:8      | Killed Maurice
  9627 | D:8      | Reached ***** piety under Jiyva
  9677 | D:8      | Killed Harold
  9678 | D:8      | Reached skill level 11 in Axes
  9682 | D:8      | Noticed a two-headed ogre
  9858 | D:8      | Found a hazy altar of Hepliaklqana.
  9889 | D:8      | Found a radiant altar of Vehumet.
  9946 | D:8      | Killed a two-headed ogre
  9947 | D:8      | Reached skill level 5 in Fighting
  9947 | D:8      | Reached XP level 11. HP: 54/80 MP: 11/11
 10183 | D:9      | Gained mutation: Your body sometimes deteriorates upon
                  | taking damage. [Jiyva's grace]
 10532 | D:9      | Gained mutation: You have a small jelly attached to you
                  | that may absorb incoming projectiles. [Jiyva's grace]
 11768 | D:10     | Found a staircase to the Orcish Mines.
 11852 | D:11     | Found a staircase to the Lair.
 11864 | D:11     | Reached skill level 12 in Axes
 12031 | D:11     | Noticed an orc knight
 12167 | D:10     | Killed an orc knight
 12477 | D:11     | Noticed Gastronok
 12487 | D:11     | Slimified Gastronok
 12487 | D:11     | Noticed Gastronok
 12487 | D:11     | Gastronok changed into Gastronok the azure jelly
 12600 | D:11     | Noticed a boulder beetle
 12636 | D:11     | Lost mutation: Your body sometimes deteriorates upon taking
                  | damage. [Jiyva's power]
 12643 | D:11     | Slimified a boulder beetle
 12643 | D:11     | Noticed an azure jelly
 12643 | D:11     | a boulder beetle changed into an azure jelly
 12649 | D:11     | Lost mutation: You have a small jelly attached to you that
                  | may absorb incoming projectiles. [Jiyva's grace]
 13015 | D:11     | Noticed a cyclops
 13026 | D:11     | Killed a cyclops
 13028 | D:11     | Noticed a manticore
 13034 | D:11     | Reached skill level 5 in Summonings
 13036 | D:11     | Slimified a manticore
 13036 | D:11     | a manticore changed into a slime creature
 13519 | D:11     | Found a bloodstained altar of Trog.
 13722 | Lair:1   | Entered Level 1 of the Lair of Beasts
 13722 | Lair:1   | Noticed Erica
 13739 | Lair:1   | Killed Erica
 14409 | Lair:1   | Reached XP level 12. HP: 81/86 MP: 12/12
 14542 | Lair:1   | Reached skill level 13 in Axes
 14758 | Lair:1   | Noticed a seven-headed hydra
 14765 | Lair:1   | Killed a five-headed hydra
 14885 | Lair:1   | Noticed an eight-headed hydra
 14889 | Lair:1   | Killed an eight-headed hydra
 15644 | Lair:2   | Found a hole to the Spider Nest.
 15678 | Lair:2   | Gained mutation: Your spells are a little harder to cast,
                  | but a little more powerful. [Jiyva's grace]
 16173 | Lair:2   | Noticed Fannar
 16199 | Lair:2   | Killed Fannar
 16200 | Lair:2   | Reached skill level 14 in Axes
 16363 | Lair:2   | Reached XP level 13. HP: 26/92 MP: 13/13
 17778 | Lair:3   | Lost mutation: Your spells are a little harder to cast, but
                  | a little more powerful. [Jiyva's grace]
 18259 | Lair:2   | Reached skill level 15 in Axes
 18748 | Lair:3   | Noticed an eight-headed hydra
 19515 | Lair:3   | You fall into a shaft and drop 2 floors!
 19683 | Lair:4   | Noticed a five-headed hydra
 19700 | Lair:5   | Killed a five-headed hydra
 19905 | Lair:4   | Found a transporter.
 19911 | Lair:4   | Noticed cobaltphoenix's ghost (journeyman DrCj)
 19911 | Lair:4   | Noticed an eight-headed hydra
 19914 | Lair:4   | Found a transporter.
 19955 | Lair:4   | Lost mutation: You have sharp fingernails. [Jiyva's grace]
 19983 | Lair:4   | Found a staircase to the Swamp.
 21115 | Lair:5   | Reached XP level 14. HP: 98/98 MP: 14/14
 21719 | Lair:5   | Found a runed translucent door.
 21720 | Lair:5   | Found a viscous altar of Jiyva.
 21722 | Lair:5   | Found a staircase to the Slime Pits.
 21761 | Slime:1  | Entered Level 1 of the Pits of Slime
 21761 | Slime:1  | Noticed an acid blob
 21761 | Slime:1  | Noticed a quicksilver ooze
 21766 | Slime:1  | Noticed an acid blob
 21788 | Slime:5  | Entered Level 5 of the Pits of Slime
 21788 | Slime:5  | Noticed a quicksilver ooze
 21788 | Slime:5  | Noticed an acid blob
 21838 | Slime:5  | Noticed the Royal Jelly
 21848 | Slime:5  | Noticed an acid blob
 21849 | Slime:5  | Noticed an acid blob
 21851 | Slime:5  | Noticed an acid blob
 21851 | Slime:5  | Noticed a quicksilver ooze
 21863 | Slime:5  | Noticed an azure jelly
 21866 | Slime:5  | Noticed an acid blob
 21871 | Slime:5  | Noticed an acid blob
 21872 | Slime:5  | Noticed an azure jelly
 21879 | Slime:5  | Noticed a quicksilver ooze
 21887 | Slime:5  | Noticed an acid blob
 21898 | Slime:5  | Noticed an acid blob
 21899 | Slime:5  | Noticed an acid blob
 21943 | Slime:5  | Noticed an azure jelly
 21987 | Slime:5  | Found a viscous altar of Jiyva.
 22035 | Slime:5  | Noticed an azure jelly
 22354 | Lair:5   | Found a glowing silver altar of Zin.
 22783 | Lair:6   | Entered Level 6 of the Lair of Beasts
 23055 | Lair:6   | Reached skill level 16 in Axes
 23839 | Lair:6   | Reached skill level 10 in Summonings
 25667 | Orc:1    | Entered Level 1 of the Orcish Mines
 25789 | Orc:1    | Gained mutation: Armour fits poorly on your pseudopods.
                  | [Jiyva's grace]
 25809 | D:10     | You fall into a shaft and drop 2 floors!
 26399 | D:12     | HP: 1/106 [komodo dragon (23)]
 26509 | D:12     | Gained mutation: Your muscles are strong. (Str +2) [Jiyva's
                  | grace]
 26534 | D:12     | You fall into a shaft and drop 2 floors!
 26969 | D:13     | Reached XP level 15. HP: 114/114 MP: 15/15
 27051 | D:13     | Reached ****** piety under Jiyva
 27204 | D:13     | Gained mutation: Your muscles are very strong. (Str +4)
                  | [Jiyva's grace]
 27239 | D:13     | Noticed Jorgrun
 27264 | D:13     | Killed Jorgrun
 27513 | D:13     | Found a frozen archway.
 27632 | D:13     | Reached skill level 10 in Fighting
 27639 | D:13     | Gained mutation: You have sharp fingernails. [Jiyva's
                  | grace]
 27710 | D:13     | Found a gate to the Vaults.
 29082 | Slime:2  | Noticed an acid blob
 29110 | Slime:5  | Gained mutation: Your body has grown golden eyes which may
                  | confuse attackers. (Acc +3) [Jiyva's grace]
 29123 | Slime:5  | Gained mutation: You passively map a small area around you.
                  | [Jiyva's grace]
 29136 | Slime:5  | Identified the Disquisition on Quantum Enchantment
 29142 | Slime:5  | Identified the +6 rapier of Rolagh {flame, Fragile rF+
                  | Int+3}
 29148 | Slime:5  | Gained mutation: Armour fits poorly on your large
                  | pseudopods. [Jiyva's grace]
 29164 | Slime:5  | Got a slimy rune of Zot
 29170 | Slime:5  | Identified the +8 mace of Imiama {vorpal, +Blink rPois
                  | rCorr Int+5}
 29172 | Slime:5  | Identified the +1 robe of the Sun {rF+ Str+3 Dex-4 SInv}
 29182 | Slime:5  | Identified the +6 broad axe of the Land of Plenty {freeze,
                  | rN+ Str+4}
 29187 | Slime:5  | Gained mutation: You are covered in slimy tendrils that may
                  | disarm your opponents. [Jiyva's grace]
 29191 | Slime:5  | Identified the amulet "Ellaimiuru" {Acrobat *Slow rElec
                  | rPois}
 29195 | Slime:5  | Identified the +2 helmet of the Cricket {Harm Dex+2}
 29245 | Slime:4  | Noticed an acid blob
 29574 | Orc:1    | Lost mutation: Your muscles are very strong. (Str +4)
                  | [Jiyva's grace]
 29727 | Orc:1    | Gained mutation: Your spells are a little harder to cast,
                  | but a little more powerful. [Jiyva's grace]
 29975 | Orc:2    | Entered Level 2 of the Orcish Mines
 30121 | Orc:1    | Gained mutation: Your system is resistant to poisons.
                  | (rPois) [Jiyva's grace]
 30379 | Orc:2    | Lost mutation: Your muscles are strong. (Str +2) [Jiyva's
                  | grace]
 30401 | Orc:2    | Found a staircase to the Elven Halls.
 30459 | Orc:2    | Noticed an orc warlord
 31015 | Orc:2    | Lost mutation: Your spells are a little harder to cast, but
                  | a little more powerful. [Jiyva's grace]
 31605 | Orc:2    | Killed an orc warlord
 31636 | Orc:2    | Gained mutation: You have acidic saliva. [Jiyva's grace]
 31691 | Orc:2    | Lost mutation: You have sharp fingernails. [Jiyva's grace]
 31698 | Orc:2    | Found Ezuph's Antique Armour Boutique.
 31699 | Orc:2    | Found Qucaekyj's Antique Weapon Shop.
 31701 | Orc:2    | Found Suham's General Store.
 31701 | Orc:2    | Found Usoli's Jewellery Boutique.
 31708 | Orc:2    | Bought a runed battleaxe for 266 gold pieces
 31719 | Orc:2    | Bought a scroll of enchant armour for 105 gold pieces
 32294 | D:12     | Lost mutation: Armour fits poorly on your large pseudopods.
                  | [Jiyva's grace]
 32932 | D:14     | Reached skill level 17 in Axes
 33419 | D:15     | Entered Level 15 of the Dungeon
 33427 | D:15     | Reached skill level 10 in Dodging
 33458 | D:15     | Reached XP level 16. HP: 68/123 MP: 16/16
 33508 | D:15     | Slain by a phantasmal warrior

Illustrated notes

Levels and vault maps discovered:
D:1:      dpeg_arrival_round_c, layout_basic, ebering_ecumenical_altar_box,
          serial_shops, shop, serial_bayou, serial_bayou_pond_e,
          serial_bayou_pond_b, serial_bayou_pond_d, serial_bayou_shore_b,
          minmay_3d_cube
D:2:      layout_basic, kennysheep_generic_room_14, uniq_robin, uniq_natasha
D:3:      layout_loops_ring, grunt_temple_overflow_champion_of_chaos,
          okawaru_trees_1, nemelex_xobeh_ov_fountains_minmay,
          amethyst_overflow_temple_binary
D:4:      layout_loops_cross, kennysheep_mini, eino_curves_01,
          roderic_roman_lattice, minmay_bent, uniq_crazy_yiuf_cottage
D:5:      layout_cave_pools, good_gods_temple_1, lemuel_tele_altar,
          minmay_temple_entry_proselytizer
D:6:      layout_basic, portal_sewer_entry_b, chequers_serial_rivers_micro_e,
          minivault_11, uniq_grinder, uniq_pikel
D:7:      layout_basic, minmay_manual_macuahuitl
D:8:      layout_rooms, nicolae_hepliaklqana_hippocampus,
          nicolae_vehumet_altar_sigil, uniq_maurice, uniq_harold
D:9:      layout_basic, kennysheep_crisscross
D:10:     layout_basic, hiddenorc1_lemuel
D:11:     layout_stronghold, due_lair_maze_entry_diamond, trog_butcher_becter,
          uniq_gastronok
D:12:     layout_cave_pools
D:13:     cheibrodos_magma_flow, layout_gridville, portal_ice_cave_entry_imps,
          uniq_jorgrun
D:14:     layout_cave_pods, chequers_serial_rivers_room_b
D:15:     hangedman_depths_entry_try_elsewhere_first, layout_cave_pools,
          special_room [special_room_orc], serial_shops,
          nicolae_shop_window_shopping, fedhas_altar_1
Temple:   pf_slimified_temple
Lair:1:   layout_cave_pods, uniq_erica
Lair:2:   layout_hall_layers, nicolae_spider_entry_tight_spaces,
          grunt_megastairs_3, uniq_fannar
Lair:3:   layout_hall_layers, grunt_megastairs_2
Lair:4:   layout_gridlike, minmay_swamp_entry_reptiles, gammafunk_ghost_arena,
          grunt_megastairs_5
Lair:5:   layout_regular_city, slime_altar_2, lemuel_oklob_altar,
          lemuel_fruit_tree, infiniplex_staircase_pool_2
Lair:6:   grunt_lair_end_beastmaster, layout_gridlike, patterned_corridor
Slime:1:  layout_caves
Slime:2:  layout_caves
Slime:3:  layout_caves, cheibrodos_slime_lost_civilization_4
Slime:4:  layout_caves
Slime:5
Orc:1:    layout_caves, nooodl_orcs_dogs
Orc:2:    st_orc_congregation, layout_diamond_mine

Skill      XL: |  1  2  3  4  5  6  7  8  9 10 11 12 13 14 15 |
---------------+----------------------------------------------+-----
Shields        | 4 5 6 7 8 9 |  9.0
Axes           | 3 4 5 6 7 9 11 12 14 15 16 17 | 17.3
Dodging        | 1 2 3 4 5 6 8 10 | 10.1
Armour         | 4 5 6 8 9 |  9.3
Summonings     | 3 5 7 9 10 11 | 11.0
Fighting       | 5 9 10 | 10.3

Action                   |  1- 3 |  4- 6 |  7- 9 | 10-12 | 13-15 | 16-18 || total
-------------------------+-------+-------+-------+-------+-------+-------++-------
Melee: War axe           |   102 |   160 |   408 |   626 |   966 |       ||  2262
       Scimitar          |       |       |       |     2 |    32 |       ||    34
       Quarterstaff      |       |       |       |       |    16 |       ||    16
       Pseudopods        |       |       |       |       |   147 |     5 ||   152
       Broad axe         |       |       |       |       |   240 |       ||   240
       Battleaxe         |       |       |       |       |    64 |    17 ||    81
       Bite              |       |       |       |       |     5 |     3 ||     8
Invok: Slimify           |       |       |       |     4 |     1 |       ||     5
       Cure Bad Mutation |       |       |       |     1 |       |       ||     1
 Abil: Dig               |       |       |       |     2 |     2 |       ||     4
       Shaft Self        |       |       |       |     2 |     1 |       ||     3
Evoke: Wand              |       |       |     1 |    13 |    13 |       ||    27
  Use: Potion            |     1 |       |       |     6 |     1 |       ||     8
       Scroll            |       |       |       |     7 |     7 |       ||    14
 Stab: Invisible         |       |       |     1 |       |       |       ||     1
       Distracted        |       |       |       |       |     1 |     1 ||     2
       Petrified         |       |       |       |       |     4 |       ||     4
       Petrifying        |       |       |       |       |     1 |       ||     1
       Confused          |       |       |       |       |     6 |       ||     6
Armor: Scale mail        |    53 |    63 |    19 |       |       |       ||   135
       Chain mail        |       |       |   105 |       |       |       ||   105
       Pearl dragon scal |       |       |    48 |   204 |   386 |     4 ||   642
Dodge: Dodged            |    35 |    43 |   133 |   237 |   483 |    10 ||   941
Block: Kite shield       |    59 |    95 |   221 |   342 |   638 |    11 ||  1366
       Rpst.: Scimitar   |       |       |       |       |     8 |       ||     8

Table legend: (Time is in decaauts)
 A = Elapsed time spent in this place.
 B = Non-inter-level travel time spent in this place.
 C = Inter-level travel time spent in this place.
 D = Time resting spent in this place.
 E = Time spent auto-exploring this place.
 F = Levels seen in this place.
 G = Mean time per level.
                   A        B        C        D        E       F      G
               +--------+--------+--------+--------+--------+-----+--------+
         Total |  33402 |  31506 |   1896 |   6697 |  19528 |  30 | 1113.4 |
       Dungeon |  18003 |  17064 |    939 |   3420 |  11014 |  15 | 1200.2 |
        Temple |    146 |    130 |     16 |      0 |     96 |   1 |  146.0 |
          Lair |  11878 |  11246 |    632 |   2680 |   6908 |   6 | 1979.7 |
    Slime Pits |    539 |    378 |    161 |      0 |    252 |   5 |  107.8 |
  Orcish Mines |   2486 |   2339 |    147 |    597 |   1118 |   2 | 1243.0 |
         Sewer |    346 |    346 |      0 |      0 |    139 |   1 |  346.0 |
               +--------+--------+--------+--------+--------+-----+--------+

Top non-repeatable levels by time:
  Lair:2: 2493 daAuts
  Lair:5: 2392 daAuts
  Lair:3: 2168 daAuts
  Lair:6: 2141 daAuts
     D:1: 2111 daAuts
    D:13: 1935 daAuts
  Lair:1: 1826 daAuts
    D:11: 1654 daAuts
    D:10: 1616 daAuts
     D:6: 1596 daAuts
   Orc:2: 1354 daAuts
    D:12: 1270 daAuts
     D:4: 1216 daAuts
     D:9: 1141 daAuts
   Orc:1: 1132 daAuts
